 Dungeon Crawl Stone Soup version 0.31.0-11-ge490571c62 (webtiles) character file.

Game seed: 5948177878105132005

2510 Daunt the Cleaver (level 9, -4/50 HPs)
             Began as a Vine Stalker Fighter on Jan 27, 2024.
             Was a Believer of Okawaru.
             Slain by Amaemon
             ... wielding a +1 demon whip of venom
              (5 damage)
             ... on level 8 of the Dungeon.
             The game lasted 00:26:07 (2957 turns).

Daunt the Cleaver (Vine Stalker Fighter)            Turns: 2957, Time: 00:26:08

Health: -4/50      AC: 14    Str: 23    XL:     9   Next: 53%
Magic:  0/12       EV: 13    Int:  8    God:    Okawaru [**....]
Gold:   386        SH:  6    Dex: 14    Spells: 8/8 levels left

rFire   + . .        s - +3 hand axe
rCold   + . .        c - +0 buckler
rNeg    . . .        G - +0 acid dragon scales
rPois   .            d - +0 helmet
rElec   .            A - scarf {rC+ rF+}
rCorr   +            i - +2 pair of gloves
SInv    .            u - +0 pair of boots
Will    ++...        B - amulet of the acrobat
Stlth   +++          p - ring of willpower
HPRegen 1.08/turn    (no ring)
MPRegen 0.13/turn

%: acrobat, guardian spirit
@: lethally poisoned (-4 -> -41), heroic, slowed, very slow
A: fangs 3, regeneration 1, magic shield, antimagic bite, no potion heal 2
a: Renounce Religion, Heroism


You were on level 8 of the Dungeon.
You worshipped Okawaru.
Okawaru was pleased with you.
You visited 2 branches of the dungeon, and saw 10 of its levels.

You collected 386 gold pieces.

Inventory:

Hand Weapons
 a - a +0 war axe
 r - a +1 halberd of flaming
 s - a +3 hand axe (weapon)
 E - a +0 battleaxe
 F - a +2 heavy war axe
Missiles
 j - a throwing net
 k - 7 stones (quivered)
Armour
 c - a +0 buckler (worn)
 d - a +0 helmet (worn)
 h - a +0 cloak
 i - a +2 pair of gloves (worn)
 u - a +0 pair of boots (worn)
 x - the +0 cloak of Youthful Indiscretion {rElec rF- Dex+3}
   (You found it on level 5 of the Dungeon)

   Dex+3:     It affects your dexterity (+3).
   rF-:       It makes you vulnerable to fire.
   rElec:     It insulates you from electricity.
 A - a scarf of resistance (worn)
 G - +0 acid dragon scales (worn)
Jewellery
 p - a ring of willpower (left hand)
 B - an amulet of the acrobat (around neck)
Talismans
 l - a granite talisman
Wands
 D - a wand of iceblast (22)
Scrolls
 e - 5 scrolls of identify {unknown}
 n - a scroll of fog {unknown}
 o - 2 scrolls of vulnerability {unknown}
 w - a scroll of noise {unknown}
 y - a scroll of enchant armour {unknown}
 C - a scroll of torment {unknown}
Potions
 f - a potion of heal wounds
 g - a potion of degeneration {unknown}
 m - 2 potions of curing {unknown}
 q - a potion of enlightenment {unknown}
 t - a potion of brilliance {unknown}
 v - a potion of ambrosia {unknown}
 z - 2 potions of invisibility {unknown}


   Skills:
 + Level 7.0(12.0) Fighting
 * Level 9.2(14.2) Axes
 - Level 2.4(7.4) Armour
 - Level 2.6(7.6) Shields
 + Level 3.1 Invocations


You had 8 spell levels left.
You didn't know any spells.
Your spell library contained the following spells:

 Spells                   Type           Power      Damage    Failure   Level
 Dazzling Flash           Conj/Hex       0%         N/A       88%         3
 Volatile Blastmotes      Fire/Tloc      0%         2d10      88%         3
 Starburst                Conj/Fire      0%         6d3       100%        6
 Maxwell's Capacitive Co  Air            0%         ∞         100%        8


Dungeon Overview and Level Annotations

Branches:
Dungeon (9/15)             Temple (1/1) D:6
   Lair: D:8-11         Orc: D:9-12

Altars:
Ashenzari
Cheibriados
Dithmenos
Elyvilon
Fedhas
Gozag
Hepliaklqana
Kikubaaqudgha
Makhleb
Okawaru
Qazlal
Ru
Sif Muna
Trog
Uskayaw
Vehumet
Wu Jian
Xom
Yredelemnul
Zin
The Shining One

Shops:
D:4 :

Annotations:
D:8 Amaemon


Innate Abilities, Weirdness & Mutations

You have razor-sharp teeth.
Your natural rate of healing is unusually fast.
When hurt, damage is shared between your health and your magic reserves.
Your bite disrupts and absorbs the magic of your enemies.
Potions cannot restore your health.


Message History

Amaemon is lightly wounded.
Amaemon barely misses you. Amaemon claws you but does no damage.
Amaemon misses you.
You closely miss Amaemon.
Amaemon is lightly wounded.
Amaemon points at something and mumbles some strange words.
An orange demon comes into view.
The orange demon screeches!
You hit Amaemon.
Amaemon is lightly wounded.
You closely miss Amaemon.
Amaemon is lightly wounded.
Amaemon hits you with a +1 demon whip of venom!
You are poisoned.
Amaemon closely misses you. Amaemon tail-slaps you.
You are more poisoned.
Amaemon poisons you!
Unknown command.
Okay, then.
Unknown command.
You barely miss Amaemon.
Amaemon is lightly wounded.
You feel very sick.
You slash Amaemon! Your bite misses Amaemon.
Amaemon is moderately wounded.
You feel very sick. You block Amaemon's attack. Amaemon barely misses you.
Amaemon tail-slaps you but does no damage.
The orange demon stings you from afar.
You are lethally poisoned!
You have difficulty breathing.
You feel yourself slow down.
Unknown command.
It was a potion of heal wounds.
That seemed strangely inert.
* * * LOW HITPOINT WARNING * * *
You feel extremely sick. You block Amaemon's attack. Amaemon barely misses you.
Amaemon tail-slaps you but does no damage.
The orange demon stings you from afar.
Amaemon hits you with a +1 demon whip of venom!
You die...

#################
#.@.............#
.
#6#############.#
# .4$ #.# # ####
#.# # #.# # #.# #
#.# #### #.#
...###### #.#


You could see Amaemon and an orange demon (curare).

Vanquished Creatures
  Maggie (D:8)
  Grinder (D:3)
  3 vampire mosquitoes (D:8)
  An orc warrior (D:8)
  An ice beast (D:4)
  2 centaurs
  A phantom (D:4)
  2 bullfrogs
  A scorpion (D:6)
  9 wights (D:8)
  4 howler monkeys
  2 bombardier beetles (D:5)
  A jelly (D:4)
  An orc priest (D:8)
  2 iguanas (D:6)
  3 gnolls
  6 adders
  3 shadow imps
  2 white imps
  2 ufetubi (D:6)
  A ribbon worm (D:4)
  4 dart slugs
  35 orcs
  8 ball pythons
  15 endoplasms
  A giant cockroach (D:1)
  6 goblins
  4 hobgoblins
  5 jackals
  3 quokkas
  5 bats
  5 frilled lizards
  12 kobolds
  6 rats
158 creatures vanquished.

Notes
Turn   | Place    | Note
-------+----------+-------------------------------------------
     0 | D:1      | Daunt the Vine Stalker Fighter began the quest for the Orb.
     0 | D:1      | Reached XP level 1. HP: 11/11 MP: 2/2
    23 | D:1      | Reached skill level 2 in Axes
    44 | D:1      | Reached XP level 2. HP: 16/16 MP: 3/3
   246 | D:2      | Reached XP level 3. HP: 20/20 MP: 4/4
   256 | D:1      | Reached skill level 3 in Axes
   293 | D:1      | You fall into a shaft and drop 1 floor!
   411 | D:1      | Reached XP level 4. HP: 24/24 MP: 5/5
   849 | D:2      | Reached XP level 5. HP: 22/28 MP: 4/6
   986 | D:4      | Reached skill level 4 in Axes
  1057 | D:4      | Noticed an ice beast
  1095 | D:3      | Noticed Grinder
  1112 | D:3      | Killed Grinder
  1113 | D:3      | Reached skill level 5 in Axes
  1113 | D:3      | Reached XP level 6. HP: 33/33 MP: 7/7
  1220 | D:4      | Killed an ice beast
  1253 | D:4      | Found Ydirinnu's Tremendous Tomes.
  1299 | D:5      | Entered Level 5 of the Dungeon
  1321 | D:5      | Reached XP level 7. HP: 31/38 MP: 6/8
  1500 | D:4      | Found a sacrificial altar of Ru.
  1500 | D:4      | Found an ancient bone altar of Kikubaaqudgha.
  1500 | D:4      | Found a basalt altar of Yredelemnul.
  1500 | D:4      | Found an opulent altar of Gozag.
  1500 | D:4      | Found an opulent altar of Gozag.
  1500 | D:4      | Found an opulent altar of Gozag.
  1516 | D:4      | Reached skill level 6 in Axes
  1606 | D:5      | Reached skill level 5 in Fighting
  1725 | D:5      | Identified the +0 cloak of Youthful Indiscretion {rElec rF-
                  | Dex+3}
  1760 | D:6      | Found a shadowy altar of Dithmenos.
  1914 | D:6      | Found a staircase to the Ecumenical Temple.
  1923 | Temple   | Entered the Ecumenical Temple
  1977 | Temple   | Became a worshipper of Warmaster Okawaru
  2093 | D:6      | Gained mutation: You have razor-sharp teeth. [Vine Stalker
                  | growth]
  2093 | D:6      | Reached XP level 8. HP: 39/43 MP: 7/9
  2181 | D:7      | Reached skill level 7 in Axes
  2258 | D:7      | Found a stormy altar of Qazlal.
  2445 | D:8      | Reached * piety under Okawaru
  2505 | D:8      | Reached skill level 8 in Axes
  2588 | D:8      | Noticed Maggie
  2608 | D:8      | Killed Maggie
  2609 | D:8      | Reached skill level 1 in Invocations
  2609 | D:8      | Reached XP level 9. HP: 37/49 MP: 6/11
  2737 | D:8      | Reached ** piety under Okawaru
  2743 | D:8      | Reached skill level 9 in Axes
  2947 | D:8      | Noticed Amaemon
  2952 | D:8      | Noticed an orange demon
  2957 | D:8      | HP: 1/50 [poisoned by orange demon (concentrated venom)]
  2957 | D:8      | Slain by Amaemon

Illustrated notes

Levels and vault maps discovered:
D:1:      dpeg_arrival_shelter, layout_basic
D:2:      layout_loops_ring, basic_altar, roderic_lattice_a
D:3:      layout_loops_ring, shapermc_ecumenical_altar_mp_urbaneastern,
          gammafunk_ghost_nasty_kobolds, minivault_4, st_stairs_12,
          minivault_27, hellmonk_no_cap, uniq_grinder
D:4:      cheibrodos_fertilizer, layout_loops_cross,
          nicolae_shop_i_like_big_books
D:5:      layout_basic, serial_shops, shop, saegor_snake_ambush
D:6:      layout_loops_cross, grunt_dithmenos_smoke_and_mirrors,
          minmay_temple_entry_antechambers, nicolae_shop_gadgets
D:7:      layout_cave_pools, mainiacjoe_overflow_cross_hatched
D:8:      layout_loops_ring, nicolae_ru_the_path_less_chosen, special_room
          [special_room_orc], minmay_shop_mass, uniq_amaemon, uniq_maggie
D:9:      layout_rooms, lair_entry_dummy, serial_nicolae_subway,
          nicolae_sub_station_stone, nicolae_sub_station_metal,
          nicolae_sub_station_crystal, uniq_erica
Temple:   dpeg_five_rooms_temple

Skill      XL: |  1  2  3  4  5  6  7  8  9 |
---------------+----------------------------+-----
Axes           | 2 3 5 6 8 9 |  9.2
Fighting       | 3 4 5 6 7 |  7.0
Invocations    | 1 3 |  3.1
Armour         | |  2.4
Shields        | |  2.6

Action                     |  1- 3 |  4- 6 |  7- 9 || total
---------------------------+-------+-------+-------++-------
  Melee: War axe           |    59 |    77 |       ||   136
         Bite              |    12 |    24 |    75 ||   111
         Hand axe          |       |    37 |   266 ||   303
  Throw: Stone             |       |       |    18 ||    18
 Invoke: Heroism           |       |       |     2 ||     2
    Use: Potion            |       |     1 |     1 ||     2
 Armour: Scale mail        |    32 |    84 |   100 ||   216
         Acid dragon scale |       |       |    37 ||    37
  Dodge: Dodged            |    20 |    49 |    86 ||   155
  Block: Buckler           |    11 |    29 |    45 ||    85
